 Dungeon Crawl Stone Soup version 0.18-a0-1243-g9e52518 (webtiles) character file.

10994 Gagarin the Covert (level 11, -13/87 HPs)
             Began as a Vine Stalker Assassin on Feb 4, 2016.
             Was the Champion of Pakellas.
             Mangled by a hill giant
             ... wielding a +0 giant spiked club
              (19 damage)
             ... on level 11 of the Dungeon on Feb 5, 2016.
             The game lasted 01:09:05 (10793 turns).

Gagarin the Covert (Vine Stalker Assassin)         Turns: 10793, Time: 01:09:05

Health: -13/87     AC: 25    Str: 18    XL:     11   Next: 70%
Magic:  0/14       EV:  2    Int: 11    God:    Pakellas [******]
Gold:   403        SH:  0    Dex: 20    Spells: 0 memorised, 10 levels left

rFire  x . .     SeeInvis .     d - +1 long sword (freeze)
rCold  + . .     Gourm    .     (armour currently unavailable)
rNeg   + + +     Faith    .     (no shield)
rPois  +         Spirit   +     (helmet currently unavailable)
rElec  .         Dismiss  .     (cloak currently unavailable)
rCorr  .         Reflect  .     (gloves currently unavailable)
SustAt .         Harm     .     (boots currently unavailable)
MR     +....     NoTele   +     (no amulet)
Stlth  +++++++...               p - +3 ring of strength
                                Z - ring of ice

@: tree-form, somewhat resistant to hostile enchantments, extremely stealthy
A: (fangs 0), agile 1, regeneration 2, magic shield, (antimagic bite), no device
heal 3, rot immunity
a: Quick Charge, Device Surge, Supercharge, Renounce Religion


You were on level 11 of the Dungeon.
You worshipped Pakellas.
Pakellas was exalted by your worship.
You were hungry.
You were a tree.
You visited 2 branches of the dungeon, and saw 12 of its levels.
You also visited: Sewer.

You collected 590 gold pieces.
You spent 187 gold pieces at shops.

Inventory:

Hand Weapons
 c - a +4 great sword
 d - a +1 long sword of freezing (weapon)
 O - a +0 blowgun
Missiles
 e - 66 poisoned needles
 f - 2 curare-tipped needles
Armour
 q - a +2 pair of boots (melded)
 B - a +2 troll leather armour (melded)
 K - a +0 helmet (melded)
 V - a +1 cloak (melded)
 W - a +0 pair of gloves (melded)
Rods
 o - a +3 rod of clouds (13/13)
   (Pakellas gifted it to you on level 7 of the Dungeon)
Jewellery
 p - a +3 ring of strength (right branch)
 x - an uncursed ring of magical power {unknown}
 Z - a ring of ice (left branch)
Wands
 s - a wand of teleportation (5/9)
 C - a wand of lightning (4/15)
 E - a wand of slowing (11/48)
 J - a wand of acid (4/15)
 M - a wand of flame (6/48)
 P - a wand of confusion (27/48)
 Y - a wand of iceblast (12/15)
Scrolls
 b - a scroll of immolation {unknown}
 i - a scroll of noise {unknown}
 k - 2 scrolls of teleportation
 n - a scroll of fog
 u - a scroll of enchant armour
 y - a scroll of torment {unknown}
 z - 3 scrolls of enchant weapon
 A - 5 scrolls of identify
 H - a scroll of fear
 Q - a scroll of amnesia
 T - 2 scrolls of recharging {unknown}
Potions
 j - a potion of invisibility
 l - 6 potions of curing
 r - 2 potions of might
 t - 4 potions of agility
 D - 3 potions of cancellation
 F - a potion of lignification
 G - a potion of magic {unknown}
 N - a potion of brilliance
 S - 2 potions of haste {unknown}
Miscellaneous
 m - a stone of tremors
 w - a plain deck of defence
 L - a disc of storms
Comestibles
 a - a meat ration
 g - 9 bread rations
 h - 10 royal jellies
 v - a slice of pizza
 I - 25 chunks of flesh


   Skills:
 + Level 6.6 Fighting
   Level 4.3(5.6) Short Blades
 + Level 5.6(6.3) Long Blades
   Level 3.5(4.0) Slings
 + Level 2.9(3.7) Throwing
 + Level 3.5 Armour
 + Level 9.2 Dodging
 + Level 10.3 Stealth
 + Level 3.2 Evocations


You had 10 spell levels left.
You didn't know any spells.

Dungeon Overview and Level Annotations

Branches:
Dungeon (11/15)            Temple (1/1) D:7            Lair (0/8) D:8
    Orc (0/2) D:9

Altars:
Ashenzari
Cheibriados
Dithmenos
Elyvilon
Fedhas
Gozag
Kikubaaqudgha
Makhleb
Nemelex Xobeh
Okawaru
Pakellas
Qazlal
Ru
Sif Muna
Trog
Vehumet
Xom
Yredelemnul
Zin
The Shining One
Beogh

Shops:
D:6 }   D:10 :

Annotations:
D:2 Natasha
D:3 Purgy


Innate Abilities, Weirdness & Mutations

((You have razor-sharp teeth.))
You heal very quickly.
When hurt, damage is shared between your health and your magic reserves.
((Your bite disrupts and absorbs the magic of your enemies.))
Potions and wands cannot restore your health.
You are immune to rotting.
You are agile. (Dex +2)


Message History

Press: ? - help, Shift-Dir - straight line, f - you, p - hill giant You feel strangely unstable.
This wand has 5 charges left.
The centaur warrior hits you but does no damage.
The centaur skeleton moves out of view.
The centaur warrior hits you.
* * * LOW HITPOINT WARNING * * *
The hill giant completely misses you.
Drink which item? (? for menu, Esc to quit)
You turn into a tree.
Your +1 cloak melds into your body.
Your +0 helmet melds into your body.
Your +0 pair of gloves melds into your body.
Your +2 pair of boots melds into your body.
Your +2 troll leather armour melds into your body.
Your roots penetrate the ground.
You feel strangely stable.
The centaur warrior hits you but does no damage.
You hit the hill giant. You freeze the hill giant.
The hill giant is almost dead.
The centaur warrior hits you.
* * * LOW HITPOINT WARNING * * *
The hill giant hits you with a giant spiked club!!
You die...

#....#...##.## .# .#
##.....#.....#
######.#..###
....#.....##.#
#)h)ch.......
.##...#....#.#
#h###h....#.
.#...........# #c#
#..(....#
.......#...#.# #.#
#.....###
.#...#.##.##.# #.#
##.#..#
.##.##.......########.#
c...#
............!.c♣Ch.)†#
cc..#
.##..##.......########
... . ##...>......#
...... ##........#
..........#
###........# #........#
.........# ##.#.####


You could see a hill giant, a centaur warrior and a jackal.

Vanquished Creatures
  2 hill giants
  An unseen horror (D:11)
  A queen bee (D:9)
  2 two-headed ogres
  A troll (D:7)
  2 hill giant zombies (D:9)
  6 yaks (D:11)
  A wyvern (D:9)
  3 hungry ghosts
  Edmund (D:5)
  4 wolves
  2 orc warriors
  2 black bears (D:6)
  5 ice beasts
  2 phantoms
  A wasp (D:9)
  3 sky beasts
  3 centaurs (D:11)
  2 big kobolds
  Blork the orc (D:5)
  5 giant frogs
  3 scorpions
  31 killer bees
  2 troll zombies (D:9)
  16 wights
  3 electric eels (D:8)
  2 centaur zombies
  5 crimson imps
  6 hounds
  2 quasits
  A wasp zombie (D:6)
  8 jellies
  4 orc priests
  Jessica (D:2)
  4 giant frog skeletons
  An iguana (D:5)
  2 orc wizards
  14 worker ants
  2 killer bee zombies
  4 ogre zombies (D:9)
  A hound skeleton (D:10)
  3 worker ant zombies
  6 gnolls
  4 adders
  2 river rats
  4 shadow imps
  7 oozes
  3 adder skeletons
  2 giant geckos
  52 orcs
  9 bats
  15 giant cockroaches
  2 gnoll zombies (D:8)
  7 hobgoblins
  12 jackals
  5 quokkas
  6 ball pythons
  A giant gecko skeleton (D:4)
  9 giant newts
  10 goblins
  3 goblin skeletons (D:9)
  5 goblin zombies (D:9)
  4 hobgoblin skeletons (D:9)
  5 hobgoblin zombies (D:9)
  A jackal zombie (D:7)
  20 kobolds
  2 orc skeletons (D:9)
  6 orc zombies (D:9)
  A quokka skeleton (D:7)
  19 rats
  A butterfly (D:6)
388 creatures vanquished.

Notes
Turn   | Place    | Note
--------------------------------------------------------------
     0 | D:1      | Gagarin the Vine Stalker Assassin began the quest for the Orb.
     0 | D:1      | Reached XP level 1. HP: 11/11 MP: 2/2
    52 | D:1      | Reached skill level 5 in Stealth
    58 | D:1      | Reached XP level 2. HP: 5/15 MP: 3/3
   370 | D:1      | Reached XP level 3. HP: 18/18 MP: 4/4
  1103 | D:2      | Reached skill level 6 in Stealth
  1153 | D:2      | Reached skill level 1 in Dodging
  1243 | D:2      | Noticed Jessica
  1247 | D:2      | Killed Jessica
  1247 | D:2      | Reached XP level 4. HP: 23/23 MP: 5/5
  1454 | D:2      | Noticed Natasha
  1482 | D:2      | HP: 1/23 [Natasha (6)]
  1801 | D:3      | Found an oddly glowing altar of Pakellas.
  1810 | D:3      | Found a white marble altar of Elyvilon.
  1811 | D:3      | Found a shimmering altar of Xom.
  1827 | D:3      | Became a worshipper of Pakellas the Inventive
  1871 | D:3      | Reached XP level 5. HP: 26/26 MP: 6/6
  2028 | D:3      | Found a glowing drain.
  2036 | Sewer    | Entered a sewer
  2197 | Sewer    | Noticed Purgy
  2433 | D:3      | Found a shadowy altar of Dithmenos.
  2447 | D:3      | Found a sacrificial altar of Ru.
  2626 | D:3      | Reached * piety under Pakellas
  3073 | D:3      | Reached skill level 7 in Stealth
  3136 | D:4      | Reached skill level 1 in Slings
  3164 | D:4      | Gained mutation: You heal very quickly. [Vine Stalker growth]
  3164 | D:4      | Reached XP level 6. HP: 20/30 MP: 7/7
  3313 | D:4      | Reached ** piety under Pakellas
  3313 | D:4      | Received a gift from Pakellas
  3571 | D:4      | Found a burning altar of Makhleb.
  3571 | D:4      | Found a radiant altar of Vehumet.
  3665 | D:4      | Found a snail-covered altar of Cheibriados.
  3747 | D:5      | Entered Level 5 of the Dungeon
  3747 | D:5      | Noticed an ice beast
  3782 | D:5      | Killed an ice beast
  3915 | D:5      | Reached XP level 7. HP: 32/35 MP: 3/8
  3917 | D:5      | Noticed Blork the orc
  3941 | D:5      | Killed Blork the orc
  3979 | D:5      | Found a shattered altar of Ashenzari.
  4061 | D:5      | Noticed Edmund
  4114 | D:5      | Killed Edmund
  4488 | D:6      | Found a runed door.
  4497 | D:6      | Found a runed door.
  4547 | D:6      | Reached skill level 1 in Evocations
  4547 | D:6      | Gained mutation: You have razor-sharp teeth. [Vine Stalker growth]
  4547 | D:6      | Reached XP level 8. HP: 5/39 MP: 2/9
  4778 | D:6      | Reached *** piety under Pakellas
  4778 | D:6      | Reached skill level 8 in Stealth
  4878 | D:6      | Found Puoseops's Gadget Shop.
  4888 | D:6      | Bought a wand of iceblast (13/15) for 187 gold pieces
  4944 | D:6      | Reached skill level 5 in Dodging
  5239 | D:6      | Found a glowing golden altar of the Shining One.
  5525 | D:6      | Reached XP level 9. HP: 31/44 MP: 6/11
  5652 | D:7      | Found a staircase to the Ecumenical Temple.
  5677 | Temple   | Entered the Ecumenical Temple
  5928 | D:7      | Gained mutation: You have supernaturally acute eyesight. [potion of mutation]
  5928 | D:7      | Gained mutation: You are agile. (Dex +2) [potion of mutation]
  5928 | D:7      | Lost mutation: You have supernaturally acute eyesight. [potion of mutation]
  6063 | D:7      | Reached **** piety under Pakellas
  6063 | D:7      | Received a gift from Pakellas
  6072 | D:7      | Identified a +3 rod of clouds (13/13) (Pakellas gifted it to you on level 7 of the Dungeon)
  6388 | D:7      | Found a blossoming altar of Fedhas.
  7012 | D:8      | Noticed a troll
  7030 | D:7      | Killed a troll
  7030 | D:7      | Reached skill level 9 in Stealth
  7268 | D:8      | Found a staircase to the Lair.
  7367 | D:7      | Reached skill level 1 in Armour
  7367 | D:7      | Reached XP level 10. HP: 27/51 MP: 13/13
  7897 | D:8      | Found a basalt altar of Yredelemnul.
  7923 | D:8      | Reached ***** piety under Pakellas
  7979 | D:8      | Reached skill level 1 in Long Blades
  8115 | D:8      | Found an ancient bone altar of Kikubaaqudgha.
  8354 | D:9      | Found an opulent altar of Gozag.
  8394 | D:9      | Upgraded the game from 0.18-a0-1229-ge9a1a01 to 0.18-a0-1243-g9e52518
  8431 | D:9      | Got a scorched hand axe
  8722 | D:9      | Reached skill level 5 in Fighting
  8805 | D:9      | Noticed a hill giant
  8807 | D:9      | Found a staircase to the Orcish Mines.
  8818 | D:9      | Killed a hill giant
  9084 | D:9      | Reached XP level 11. HP: 49/56 MP: 14/14
  9142 | D:9      | Reached ****** piety under Pakellas
  9335 | D:9      | Found a sparkling altar of Nemelex Xobeh.
  9416 | Temple   | Identified the +5 hand axe of Nihukh {antimagic, MR+} (You found it on level 9 of the Dungeon)
  9576 | D:10     | Entered Level 10 of the Dungeon
  9588 | D:10     | Noticed a hill giant
  9597 | D:10     | Killed a hill giant
  9719 | D:10     | Found a roughly hewn altar of Beogh.
 10107 | D:10     | Reached skill level 10 in Stealth
 10149 | D:10     | Reached skill level 5 in Long Blades
 10343 | D:10     | Found Musyllo's Book Shoppe.
 10488 | D:10     | Received a gift from Pakellas
 10631 | D:11     | Killed an unseen horror
 10734 | D:11     | Noticed a hill giant
 10790 | D:11     | Noticed a centaur warrior
 10793 | D:11     | Mangled by a hill giant

Vault maps used:
D:1:      dpeg_arrival_erosion
D:2:      first_bread, uniq_crazy_yiuf_cottage, uniq_natasha, uniq_jessica
D:3:      grunt_temple_overflow_open, amethyst_overflow_temple_binary,
          portal_sewer_entry_e
D:4:      grunt_temple_overflow_lords_of_destruction, cheibriados_altar_wand_db
D:5:      ashenzari_conservatory_becter, uniq_blork_the_orc, uniq_edmund
D:6:      lemuel_insect_pit, serial_shops, nicolae_shop_waterfront,
          lemuel_statue_altar
D:7:      old_standard_altar, temple_green
D:8:      lemuel_zombie_altar_yredelemnul, kennysheep_mini, erik_lair_island
D:9:      overflow_temple_1_default, nemelex_altar_shiori, zombieorc2_lemuel,
          special_room
D:10:     serial_shops, nicolae_shop_window_shopping, special_room,
          hangedman_little_slice_of_home
D:11:     nicolae_trove_entry_path_of_doom, hangedman_decor_clover_reticule,
          uniq_erica
Temple:   nicolae_temple_no_exploring_needed
Sewer:    kennysheep_door_sewer

Action                   |  1- 3 |  4- 6 |  7- 9 | 10-12 || total
-------------------------+-------+-------+-------+-------++-------
Melee: Dagger            |    81 |   164 |   416 |    24 ||   685
       Great sword       |       |       |       |   514 ||   514
       Long sword        |       |       |       |    20 ||    20
 Fire: Hunting sling     |       |    74 |       |       ||    74
       Blowgun           |       |       |    12 |       ||    12
Throw: Throwing net      |       |       |     2 |       ||     2
Invok: Quick Charge      |       |     1 |     1 |     2 ||     4
Evoke: Wand              |       |     3 |    36 |    13 ||    52
       Rod               |       |       |     5 |     1 ||     6
  Use: Scroll            |       |     7 |    11 |    10 ||    28
       Potion            |       |     1 |     7 |     1 ||     9
 Stab: Sleeping          |    15 |    17 |    12 |    11 ||    55
       Distracted        |       |       |     1 |     1 ||     2
       Confused          |       |       |     1 |       ||     1
  Eat: Chunk             |     1 |     9 |     6 |    18 ||    34
       Pizza             |       |       |     2 |       ||     2
       Bread ration      |       |       |     1 |       ||     1
       Beef jerky        |       |       |       |     1 ||     1
